Map: Tours du crépuscule

Players

Glave - Winner!

  • Race: Terran Terran
  • League: Master

XiaoWangZi

  • Race: Terran Terran
  • League: Master

VOD

Have the link to the VOD?

Description

Time

  • Played on: April 11, 2016, 10:08 a.m.
  • Length: 6:09
Show
View Real Time Build Order
Export as new Build Order

Glave Terran - Winner!

Build Orders: Hellion Opening 

Get SALT Encoding   

  12  0:01  SCV  
  13  0:15  SCV  
  13  0:19  Supply Depot  
  14  0:27  SCV  
  15  0:32  Refinery  
  15  0:41  SCV  
  16  0:46  Barracks  
  16  0:53  SCV  
  17  1:06  SCV  
  18  1:20  SCV  
  19  1:34  Marine  
  19  1:35  Factory, Orbital Command  
  20  1:40  Supply Depot  
  20  1:52  Marine  
  21  2:01  SCV  
  22  2:13  SCV, Barracks Reactor  
  23  2:19  Hellion  
  25  2:24  Supply Depot  
  25  2:25  SCV  
  26  2:31  Starport  
  26  2:37  SCV  
  27  2:58  Command Center  
  26  3:00  Marine, Hellion  
  26  3:01  Hellion  
  31  3:09  Medivac  
  31  3:11  SCV  
  31  3:16  Supply Depot  
  31  3:20  Marine  
  31  3:22  Hellion x2  
  34  3:39  Marine  
  35  3:43  Hellion x2  
  35  3:46  Medivac  
  41  3:51  Supply Depot  
  41  3:59  Marine  
  42  4:05  Hellion x2  
  46  4:11  Orbital Command  
  46  4:12  SCV  
  45  4:22  Marine  
  46  4:25  Viking  
  46  4:30  SCV  
  49  4:42  SCV  
  50  4:46  Marine, Hellion  
  50  4:47  Hellion  
  49  5:00  Starport Tech Lab  
  43  5:08  Hellion x2  
  43  5:10  Marine  
  44  5:21  SCV x2  
  44  5:25  Engineering Bay  
  48  5:33  SCV x2  
  48  5:45  SCV  
  48  5:48  Marine  
  54  5:50  SCV  
  55  5:57  SCV  
  57  6:09  Supply Depot  
Show
View Real Time Build Order
Export as new Build Order

XiaoWangZi Terran 

Build Orders:  

Get SALT Encoding   

  12  0:02  SCV  
  13  0:14  SCV  
  14  0:18  Supply Depot  
  14  0:26  SCV  
  15  0:34  Refinery  
  15  0:39  SCV  
  16  0:49  Barracks  
  16  0:54  SCV  
  17  1:09  Barracks  
  17  1:22  Barracks  
  17  1:26  SCV  
  18  1:36  Reaper  
  18  1:39  Refinery  
  19  1:44  SCV  
  20  1:54  Supply Depot  
  20  1:58  Reaper  
  22  2:08  Reaper  
  22  2:10  Reaper  
  23  2:15  SCV  
  24  2:30  Reaper  
  24  2:32  Orbital Command  
  25  2:40  Reaper  
  25  2:43  Reaper  
  26  2:50  Supply Depot  
  25  3:02  Reaper  
  26  3:13  Reaper  
  26  3:15  Reaper  
  26  3:34  Reaper  
  26  3:40  SCV  
  30  3:52  Command Center  
  29  3:56  SCV  
  29  4:01  Bunker  
  30  4:08  Marine, Engineering Bay  
  29  4:24  Factory  
  29  4:29  Reaper x2  
  31  4:41  SCV  
  31  4:44  Bunker  
  32  4:53  SCV  
  31  5:01  Reaper  
  25  5:11  Reaper  
  25  5:13  Widow Mine  
  26  5:18  SCV  
  26  5:21  Marine  
  25  5:30  SCV  
  25  5:33  Reaper  
  27  5:39  Marine  
  27  5:42  SCV  
  30  5:43  Marine  
  28  5:54  SCV  
Tags
 
Add a new tag
Caveats
  • Supply blocks, unpowered buildings, or Contaminate may cause inaccurate times.
  • Supply counts are checked every 10 seconds.